 Dungeon Crawl Stone Soup version 0.27.1-33-g824d729ab1 (webtiles) character file.

Game seed: 9127581240859320710

15193 pkoi the Reanimator (level 11, -8/94 HPs)
             Began as a Red Draconian Necromancer on Dec 6, 2021.
             Was a Priest of Dithmenos.
             Mangled by a komodo dragon (26 damage)
             ... on level 1 of the Lair of Beasts.
             The game lasted 00:29:24 (20155 turns).

pkoi the Reanimator (Red Draconian Necromancer)    Turns: 20155, Time: 00:29:24

Health: -8/94      AC:  8    Str: 11    XL:     11   Next: 98%
Magic:  21/26      EV: 18    Int: 19    God:    Dithmenos [***...]
Gold:   302        SH:  5    Dex: 11    Spells: 10/18 levels left

rFire    + + +     SeeInvis .   y - +0 dagger (venom)
rCold    + . .     Faith    .   (no shield)
rNeg     . . .     Spirit   .   (armour unavailable)
rPois    .         Reflect  +   (helmet restricted)
rElec    .         Harm     .   l - scarf {rC+ rF+}
rCorr    .         Rampage  .   D - +0 pair of gloves of a treasure trove {rF+}
Will     .....                  (no boots)
Stlth    +++++.....             G - amulet of reflection
HPRegen  0.25/turn              F - +4 ring of evasion
MPRegen  0.20/turn              v - ring of magical power

@: short of breath, wreathed by umbra
A: breathe fire, AC +7, unfitting armour, fire resistance 1, cold-blooded
a: Breathe Fire, Renounce Religion, Shadow Step


You were on level 1 of the Lair of Beasts.
You worshipped Dithmenos.
Dithmenos was most pleased with you.
You visited 3 branches of the dungeon, and saw 14 of its levels.

You collected 597 gold pieces.
You spent 295 gold pieces at shops.

Inventory:

Hand Weapons
 i - a +1 dagger of electrocution
 k - a +1 whip
 u - a +1 whip of electrocution
 y - a +0 dagger of venom (weapon)
Missiles
 e - 5 throwing nets
 n - 4 silver boomerangs
 p - 41 poisoned darts
Armour
 l - a scarf of resistance (worn)
 r - a +0 pair of gloves
 D - the +0 pair of gloves of a treasure trove (worn) {rF+}
   (You bought it in a shop on level 2 of the Dungeon)

   rF:        It protects you from fire.
Jewellery
 a - an amulet of the acrobat
 c - a ring of resist corrosion
 v - a ring of magical power (right hand)
 E - an amulet of guardian spirit
 F - a +4 ring of evasion (left hand)
 G - an amulet of reflection (around neck)
 J - an amulet of faith
Wands
 x - a wand of flame (30)
 K - a wand of mindburst (11)
Scrolls
 f - 7 scrolls of teleportation
 g - 4 scrolls of blinking
 j - 3 scrolls of enchant weapon
 m - 3 scrolls of enchant armour
 w - a scroll of amnesia
 A - 5 scrolls of magic mapping
 C - 9 scrolls of identify
 I - 2 scrolls of fog
Potions
 b - a potion of mutation {unknown}
 d - 6 potions of brilliance
 h - a potion of might
 o - a potion of flight
 q - 3 potions of heal wounds
 s - 2 potions of resistance
 t - 2 potions of lignification
 z - 7 potions of curing
 B - a potion of cancellation
 H - 2 potions of berserk rage
 L - a potion of haste {unknown}


   Skills:
 + Level 8.1 Fighting
 + Level 7.4 Short Blades
 + Level 7.2 Dodging
 + Level 7.6 Stealth
 - Level 0.6 Unarmed Combat
 - Level 4.0 Spellcasting
 + Level 9.8 Necromancy
 + Level 8.3 Translocations


You had 10 spell levels left.
You knew the following spells:

 Your Spells              Type           Power      Damage    Failure   Level
a - Pain                  Necr           100%       1d9       1%          1
b - Gell's Gravitas       Tloc           17%        N/A       1%          3
c - Animate Dead          Necr           20%        N/A       2%          4

Your spell library contained the following spells:

 Spells                   Type           Power      Damage    Failure   Level
 Animate Skeleton         Necr           82%        N/A       1%          1
 Lesser Beckoning         Tloc           17%        N/A       1%          3
 Teleport Other           Tloc           35%        N/A       1%          3
 Vampiric Draining        Necr           20%        2d8       1%          3
 Passage of Golubria      Tloc           N/A        N/A       4%          4
 Agony                    Necr           41%        N/A       7%          5
 Slow                     Hex            3%         N/A       21%         2
 Confusing Touch          Hex            3%         N/A       38%         3
 Stone Arrow              Conj/Erth      6%         3d7       38%         3
 Tukima's Dance           Hex            3%         N/A       38%         3
 Dispersal                Tloc           17%        N/A       56%         6
 Bolt of Magma            Conj/Fire/Erth 1%         4d4       98%         5
 Yara's Violent Unravell  Hex/Tmut       1%         3d3       98%         5
 Shatter                  Erth           1%         3d6*      100%        9


Dungeon Overview and Level Annotations

Branches:
Dungeon (12/15)            Temple (1/1) D:5            Lair (1/6) D:11
    Orc: D:9-12

Altars:
Ashenzari
Cheibriados
Dithmenos
Elyvilon
Fedhas
Gozag
Hepliaklqana
Kikubaaqudgha
Makhleb
Nemelex Xobeh
Okawaru
Qazlal
Ru
Sif Muna
Trog
Uskayaw
Vehumet
Wu Jian
Xom
Yredelemnul
Zin
The Shining One

Shops:
D:2 *   D:3 (   D:7 ?   D:8 [   D:9 *   D:10 *


Innate Abilities, Weirdness & Mutations

You can breathe blasts of fire.
Your fiery red scales are hard. (AC +7)
You cannot fit into any form of body armour.
Your flesh is heat resistant. (rF+)
You are cold-blooded and may be slowed by cold attacks.


Message History

Aim: a bullfrog (umbra, chance to affect: 84%)
The bullfrog writhes in agony.
Unknown command.
Aiming: Pain (safe; 1% risk of failure)
Press: ? - help, Q - select action, (/) - cycle Shift-Dir - straight line, f/p - bullfrog
Aim: a bullfrog (lightly wounded, umbra, chance to affect: 84%)
The yak writhes in agony.
The yak is engulfed in blazing flames.
The yak misses you.
Unknown command.
You hit the yak but do no damage.
The yak is poisoned.
The yak is moderately wounded.
The yak is engulfed in blazing flames.
The yak gores you.
You hit the yak but do no damage.
The yak looks as sick as possible!
The yak is severely wounded.
You hit the yak but do no damage.
The yak looks as sick as possible!
The yak is severely wounded.
The yak is engulfed in blazing flames.
The yak gores you!
* * * LOW HITPOINT WARNING * * *
You hit the yak but do no damage.
The yak looks as sick as possible!
The yak is almost dead.
You hit the yak.
The yak looks as sick as possible!
You tail-slap the yak, but do no damage.
The yak is almost dead.
The yak is engulfed in blazing flames.
You kill the yak!
Dithmenos accepts your kill.
Aiming: Pain (safe; 1% risk of failure)
Press: ? - help, Q - select action, (/) - cycle Shift-Dir - straight line, f/p - bullfrog
Aim: a bullfrog (lightly wounded, umbra, chance to affect: 84%)
The komodo dragon writhes in agony.
The komodo dragon is engulfed in blazing flames.
The komodo dragon bites you!!
* * * LOW HITPOINT WARNING * * *
Aiming: Pain (safe; 1% risk of failure)
Press: ? - help, Q - select action, (/) - cycle Shift-Dir - straight line, f/p - bullfrog
Aim: a bullfrog (lightly wounded, umbra, chance to affect: 84%)
The komodo dragon struggles to resist.
The komodo dragon is engulfed in blazing flames.
The komodo dragon bites you!!
You die...

^. ## ..# #.##
...#### #...#
....... ..Y.#
..#........#....#
...............#
##....#....F#
.......#####l#
..........##@####
........#.##....#
....###...####.###
≈....#..........P#
........#.....?..#
##......#.#.......#
#......##.##........
#..)......##...##.##
#....P..†#..#..##
(.#


You could see a komodo dragon and a bullfrog.

Vanquished Creatures
  Harold (D:7)
  3 two-headed ogres
  A tengu warrior (D:7)
  Pikel (D:6)
  An ugly thing (D:11)
  A cyclops (D:11)
  A slime creature (D:11)
  An ice statue (D:9)
  A rust devil (D:11)
  Maggie (D:7)
  A cane toad (Lair:1)
  A tengu conjurer (D:7)
  A kobold demonologist (D:7)
  5 trolls
  A hornet (D:9)
  A shadow (D:11)
  15 yaks
  2 wraiths
  A vampire (D:10)
  Grum (D:11)
  2 steam dragons
  An acid dragon (D:10)
  A water moccasin (D:7)
  A hornet zombie (D:9)
  2 sky beasts (D:6)
  An orc warrior (D:8)
  3 necrophages
  6 wolves
  3 centaurs
  A gnoll sergeant (D:10)
  A kobold brigand (D:7)
  4 bullfrogs
  3 scorpions
  A wyvern zombie (D:7)
  A water moccasin zombie (D:6)
  2 water moccasin skeletons (D:5)
  10 killer bees
  5 wights (D:8)
  5 electric eels (D:11)
  3 howler monkeys
  A centaur skeleton (D:7)
  A centaur zombie (D:8)
  6 hounds
  A gnoll shaman (D:8)
  3 jellies
  2 orc priests
  An iguana (D:5)
  14 orc wizards
  A howler monkey skeleton (D:6)
  A howler monkey zombie (D:9)
  9 gnolls
  7 adders
  A shadow imp (D:4)
  2 white imps
  An ufetubus (D:4)
  2 adder skeletons (D:2)
  41 orcs
  4 ball pythons
  2 bats (D:2)
  9 endoplasms
  5 giant cockroaches
  7 hobgoblins
  3 jackals (D:2)
  14 kobolds
  4 quokkas
  6 goblins
  3 rats
248 creatures vanquished.

Vanquished Creatures (collateral kills)
  An adder (D:6)
  An orc (D:6)
  A ball python (D:4)
3 creatures vanquished.

Grand Total: 251 creatures vanquished

Notes
Turn   | Place    | Note
-------+----------+-------------------------------------------
     0 | D:1      | pkoi the Draconian Necromancer began the quest for the Orb.
     0 | D:1      | Reached XP level 1. HP: 14/14 MP: 3/3
   279 | D:1      | Found a faded altar of an unknown god.
   656 | D:1      | Reached XP level 2. HP: 17/20 MP: 1/5
  1180 | D:2      | Reached XP level 3. HP: 14/26 MP: 1/6
  1686 | D:2      | Learned a level 3 spell: Gell's Gravitas
  2194 | D:2      | Found Siupem's Assorted Antiques.
  2459 | D:3      | Reached XP level 4. HP: 12/33 MP: 2/8
  2464 | D:3      | Reached skill level 1 in Translocations
  2974 | D:3      | Found Utusag's Weapon Shop.
  3318 | D:3      | Reached skill level 5 in Necromancy
  3542 | D:4      | Noticed a scorpion
  3549 | D:4      | Killed a scorpion
  3550 | D:4      | Reached XP level 5. HP: 18/38 MP: 3/9
  3968 | D:4      | Noticed a necrophage
  4028 | D:3      | Learned a level 4 spell: Animate Dead
  4117 | D:4      | HP: 1/38 [poisoned by a scorpion]
  4454 | D:4      | Reached XP level 6. HP: 32/45 MP: 5/11
  5659 | D:5      | Entered Level 5 of the Dungeon
  5659 | D:5      | Noticed a troll
  6253 | D:5      | Reached skill level 6 in Necromancy
  6720 | D:5      | Found a staircase to the Ecumenical Temple.
  6729 | Temple   | Entered the Ecumenical Temple
  7029 | Temple   | Became a worshipper of Dithmenos the Shadowed
  7101 | D:5      | Your scales start taking on a fiery red colour.
  7101 | D:5      | Reached XP level 7. HP: 48/51 MP: 13/13
  7101 | D:5      | Gained mutation: Your flesh is heat resistant. (rF+) [Red
                  | Draconian growth]
  7602 | D:4      | Reached skill level 1 in Short Blades
  7729 | D:5      | Killed a troll
  7730 | D:5      | Reached skill level 1 in Fighting
  8386 | D:5      | Reached XP level 8. HP: 56/61 MP: 14/14
  9703 | D:6      | Reached skill level 7 in Necromancy
  9758 | D:6      | Noticed a two-headed ogre
  9771 | D:6      | Killed a two-headed ogre
  9772 | D:6      | Reached skill level 5 in Translocations
  9772 | D:6      | Reached XP level 9. HP: 46/71 MP: 15/15
  9782 | D:6      | Reached * piety under Dithmenos
 10350 | D:7      | Noticed Pikel
 10351 | D:7      | Noticed Maggie
 10358 | D:6      | Killed Pikel
 10383 | D:7      | Killed Maggie
 10774 | D:7      | Reached skill level 5 in Fighting
 10881 | D:7      | Reached skill level 5 in Stealth
 10922 | D:7      | Reached skill level 8 in Necromancy
 11328 | D:7      | Noticed a kobold demonologist
 11331 | D:7      | Killed a kobold demonologist
 11332 | D:7      | Reached skill level 5 in Dodging
 11401 | D:7      | Reached XP level 10. HP: 81/81 MP: 16/16
 11457 | D:7      | Noticed Harold
 11461 | D:7      | Found Yxzooh's Magic Scroll Shop.
 11469 | D:7      | Killed Harold
 11470 | D:7      | Reached skill level 5 in Short Blades
 11671 | D:7      | Bought 3 scrolls of identify for 96 gold pieces
 11976 | D:8      | Found Nuypes's Antique Armour Shoppe.
 12136 | D:2      | Bought a pair of smoking gloves for 199 gold pieces
 12136 | D:2      | Identified the +0 pair of gloves of a treasure trove {rF+}
                  | (You bought it in a shop on level 2 of the Dungeon)
 12337 | D:8      | Noticed a tengu warrior
 12616 | D:7      | Killed a tengu warrior
 13003 | D:8      | Reached ** piety under Dithmenos
 14539 | D:9      | Noticed a two-headed ogre
 14770 | D:8      | Killed a two-headed ogre
 14852 | D:9      | Reached XP level 11. HP: 79/91 MP: 17/17
 15050 | D:9      | Found Qaered's Assorted Antiques.
 15201 | D:9      | Reached skill level 9 in Necromancy
 15733 | D:10     | Entered Level 10 of the Dungeon
 15781 | D:10     | Reached *** piety under Dithmenos
 16133 | D:10     | Found a glowing golden altar of the Shining One.
 16418 | D:10     | Found Festrila's General Store.
 16813 | D:11     | Noticed a two-headed ogre
 16817 | D:11     | Killed a two-headed ogre
 16953 | D:11     | Noticed a green ugly thing
 16964 | D:11     | Killed a green ugly thing
 17012 | D:11     | Noticed Grum
 17017 | D:11     | Killed Grum
 17434 | D:11     | Found a staircase to the Lair.
 18407 | D:11     | Found a burning altar of Makhleb.
 20057 | Lair:1   | Entered Level 1 of the Lair of Beasts
 20155 | Lair:1   | Mangled by a komodo dragon

Illustrated notes

Levels and vault maps discovered:
D:1:      elethiomel_arrival_infinity_welcomes_careful_drivers, layout_rooms,
          shapermc_ecumenical_altar_starsandcircs
D:2:      layout_loops_ring, serial_shops, nicolae_shop_waterfront,
          minmay_tall_x
D:3:      layout_loops_ring, serial_shops, nicolae_square_shop
D:4:      layout_basic
D:5:      layout_layer_cave, minmay_temple_entry_poolview, sigmund_army
D:6:      layout_basic
D:7:      layout_basic, serial_shops, nicolae_shop_window_shopping,
          minivault_25, uniq_pikel, uniq_maggie, uniq_harold
D:8:      layout_cave_pools, serial_shops, shop
D:9:      layout_rooms, serial_shops, shop, minivault_15,
          kennysheep_generic_room_10
D:10:     layout_loops_ring, mainiacjoe_overflow_24_doors, serial_shops,
          shop_statue, minmay_misc_feat_enclosed
D:11:     layout_roguey, erik_lair_island, demons_altar, uniq_grum
D:12:     layout_roguey, david_orc_2, gammafunk_ghost_cemetery, serial_shops,
          shop, uniq_jorgrun, uniq_josephine, uniq_azrael
Temple:   nicolae_temple_the_god_donut
Lair:1:   layout_misc_corridors, basic_altar, infiniplex_staircase_pool,
          lemuel_fruit_fields

Skill      XL: |  1  2  3  4  5  6  7  8  9 10 11 |
---------------+----------------------------------+-----
Translocations | 1 2 3 4 5 6 7 8 |  8.3
Necromancy     | 5 6 7 8 9 |  9.8
Spellcasting   | 3 4 |  4.0
Short Blades   | 2 3 4 6 7 |  7.4
Dodging        | 2 4 5 6 7 |  7.2
Stealth        | 2 4 5 6 7 |  7.6
Fighting       | 2 3 5 6 8 |  8.1
Unarmed Combat | |  0.6

Action                   |  1- 3 |  4- 6 |  7- 9 | 10-12 || total
-------------------------+-------+-------+-------+-------++-------
Melee: Club              |    48 |       |       |       ||    48
       Tailslap          |     5 |     5 |    12 |    63 ||    85
       Whip              |    17 |    71 |       |       ||    88
       Dagger            |       |     4 |   138 |   489 ||   631
       Punch             |       |       |     1 |     4 ||     5
 Cast: Pain              |    54 |   110 |    27 |    47 ||   238
       Animate Dead      |       |     4 |     3 |     5 ||    12
 Abil: Breathe Fire      |       |       |    13 |    33 ||    46
Evoke: Wand              |       |       |       |     6 ||     6
  Use: Potion            |       |     2 |       |     2 ||     4
       Scroll            |       |     9 |     7 |     3 ||    19
 Stab: Sleeping          |     1 |       |     2 |    16 ||    19
       Distracted        |       |       |       |     1 ||     1
Armor: Skin              |    23 |    35 |    37 |    90 ||   185
Dodge: Dodged            |    55 |   119 |    89 |   362 ||   625
Block: Other             |       |       |       |    58 ||    58
       Reflection        |       |       |       |     1 ||     1
